Cogmind - Beta 13 @@@ ROGUE MODE // 2024.04.02 @ 13:21:10 Player: Scringis Result: Self-destructed Performance ------------- Evolutions (2) 1000 Regions Visited (5) 1000 Robots Destroyed (22) 110 Value Destroyed (565) 565 Prototype IDs (0) 0 Alien Tech Used (0) 0 Bonus (375) 375 TOTAL SCORE: 3050 Bonus ------- Follower Combat Kills 75 Aligned with FarCom 300 Cogmind --------- Core Integrity 550/550 Matter 280/300 Energy 160/160 System Corruption 0% Temperature Cool (0) Movement Walking (190) Ox1 Location -8/Materials Parts ------- > --- POWER (1) -------- Light Nuclear Core > --- PROPULSION (2) --- Aluminum Leg Aluminum Leg > --- UTILITY (4) ------ Large Storage Unit Light Armor Plating > --- WEAPON (4) ------- Assault Rifle Heavy Assault Rifle > --- INVENTORY (15) --- Ion Engine Large Storage Unit Sensor Array Experimental Sensor Array Signal Interpreter EM Pulse Gun Medium Laser Particle Gun Particle Gun Firepult Grenade Launcher Rocket Launcher Plasma Cutter Peak State ------------ > --- POWER ------------ Light Nuclear Core > --- PROPULSION ------- Aluminum Leg Aluminum Leg > --- UTILITY ---------- Large Storage Unit Light Armor Plating > --- WEAPON ----------- Assault Rifle Heavy Assault Rifle > --- INVENTORY -------- Ion Engine Large Storage Unit Sensor Array Experimental Sensor Array Signal Interpreter EM Pulse Gun Medium Laser Particle Gun Particle Gun Firepult Grenade Launcher Rocket Launcher Plasma Cutter [Rating: 14] Favorites ----------- Power Light Nuclear Core Engine Ion Engine Power Core Light Nuclear Core Propulsion Light Treads Treads Light Treads Leg Aluminum Leg Utility Large Storage Unit Device Sensor Array Storage Large Storage Unit Protection Light Armor Plating Weapon Assault Rifle Energy Gun EM Pulse Gun Ballistic Gun Assault Rifle Launcher Grenade Launcher Special Weapon Plasma Cutter Build | -11 -10 -10 -10 -9 -8 ------- Run | Yrd Mat Min Exi Min Mat Slots Evolved 4 | . . . . . 4 Power . | . . . . . . Propulsion . | . . . . . . Utility 2 | . . . . . 2 Weapon 2 | . . . . . 2 Parts Attached 28 | 7 15 . . 6 . Power 4 | 1 3 . . . . Engine 3 | 1 2 . . . . Core 1 | . 1 . . . . Reactor . | . . . . . . Propulsion 7 | 2 3 . . 2 . Treads 5 | 2 3 . . . . Leg 2 | . . . . 2 . Wheel . | . . . . . . Hover . | . . . . . . Flight . | . . . . . . Utility 6 | 1 4 . . 1 . Device 2 | . 2 . . . . Storage 3 | 1 2 . . . . Processor . | . . . . . . Hackware . | . . . . . . Protection 1 | . . . . 1 . Artifact . | . . . . . . Weapon 11 | 3 5 . . 3 . Energy Gun 2 | 2 . . . . . Energy Cannon . | . . . . . . Ballistic Gun 7 | 1 4 . . 2 . Ballistic Cannon . | . . . . . . Launcher 1 | . . . . 1 . Special Weapon 1 | . 1 . . . . Impact Weapon . | . . . . . . Slashing Weapon . | . . . . . . Piercing Weapon . | . . . . . . Special Melee Weapon . | . . . . . . Unidentified Prototypes . | . . . . . . Parts Lost 2 | . . . . 2 . Power . | . . . . . . Propulsion 2 | . . . . 2 . Utility . | . . . . . . Weapon . | . . . . . . Highest Loss Streak 1 | . . . . 1 . To Critical Strikes . | . . . . . . Average Slot Usage (%) 95 | . 96 100 100 88 . Engine 3 | . 10 . . . . Core 10 | . 3 14 14 14 . Treads 24 | . 27 28 28 16 . Device 11 | . 12 14 14 7 . Storage 14 | . 14 14 14 14 . Protection 2 | . . . . 6 . Energy Gun 1 | . 4 . . . . Ballistic Gun 25 | . 21 28 28 27 . Naked Turns . | . . . . . . Heaviest Build 33 | 14 30 30 30 33 . Greatest Support 40 | 40 40 40 40 40 . Greatest Overweight (x) 10 | . 6 . . 10 . Average Overweight (x) . | . . . . . . Largest Inventory Capacity 15 | 8 15 15 15 15 . Average Capacity 14 | 7 14 15 15 15 . Most Carried 15 | 5 12 9 11 15 . Average Carried 9 | . 6 9 9 12 . Final Capacity 15 | 8 15 15 15 15 15 Final Carried 14 | . 9 9 11 14 14 Class Distribution -------------------- 83% | Mutant 15% | Skirmisher Dominant Class ---------------- Mutant | -10/Materials Mutant | -10/Mines Mutant | -10/Exiles Skirmisher | -9/Mines Skirmisher | -8/Materials Resources | -11 -10 -10 -10 -9 -8 ----------- Run | Yrd Mat Min Exi Min Mat Matter Collected 698 | 239 185 35 . 239 . Remotely . | . . . . . . Salvage Created 716 | . 575 35 . 106 . Parts 43 | . 29 5 . 9 . Haulers Intercepted 2 | . 2 . . . . Recyclers Shooed . | . . . . . . Parts Field Recycled . | . . . . . . Retrieved Matter . | . . . . . . Parts Self-Destructed . | . . . . . . Prevented . | . . . . . . Kills | -11 -10 -10 -10 -9 -8 ------- Run | Yrd Mat Min Exi Min Mat Combat Hostiles Destroyed 19 | . 13 3 . 3 . Guns 15 | . 10 3 . 2 . AOE 4 | . 3 . . 1 . Classes Destroyed 5 | . 4 . . 1 . Worker 1 | . 1 . . . . Hauler 2 | . 2 . . . . Swarmer 6 | . 3 3 . . . Grunt 11 | . 10 . . 1 . Sentry 2 | . . . . 2 . Best Kill Streak 5 | . 5 3 . 1 . Combat Bots Only 5 | . 5 3 . 1 . Max Kills in Single Turn 3 | . 3 1 . 1 . Gunslinging . | . . . . . . Exploded 3 | . 3 . . 1 . Melee . | . . . . . . Uniques/NPCs Destroyed . | . . . . . . Combat | -11 -10 -10 -10 -9 -8 -------- Run | Yrd Mat Min Exi Min Mat Hostile Shots Fired 74 | . 51 9 . 14 . Missed 23 | . 17 2 . 4 . Damage Taken 695 | . 493 62 . 140 . Core 182 | . 182 . . . . Absorbed by Shields . | . . . . . . Core Remaining (%) 63 | 100 . . . 27 . Volleys Fired 61 | . 44 5 . 12 . Largest 2 | . 2 2 . 2 . Hottest 60 | . 60 40 . 50 . Shots Fired 111 | . 77 10 . 24 . Gun 97 | . 66 10 . 21 . Cannon . | . . . . . . Launcher 3 | . . . . 3 . Special 11 | . 11 . . . . Kinetic 79 | . 48 10 . 21 . Thermal 11 | . 11 . . . . Explosive 3 | . . . . 3 . Electromagnetic 18 | . 18 . . . . Robot Hit Streak 10 | . 10 1 . 4 . Robot Miss Streak 4 | . 3 4 . 3 . Penetration Max . | . . . . . . Secondary Targets 3 | . 3 . . . . Max Gunslinging Chain 1 | . 1 . . . . Shots Hit Robots 56 | . 43 2 . 11 . Core Hits 34 | . 24 3 . 7 . Critical Kills . | . . . . . . Critical Parts Destroyed . | . . . . . . Critical Strikes . | . . . . . . Melee Attacks . | . . . . . . Impact . | . . . . . . Slashing . | . . . . . . Piercing . | . . . . . . Sneak Attacks . | . . . . . . Combat Hostiles . | . . . . . . Follow-up Attacks . | . . . . . . Damage Inflicted 963 | . 684 52 . 227 . Guns 744 | . 548 52 . 144 . Cannons . | . . . . . . Explosions 157 | . 106 . . 51 . Melee . | . . . . . . Ramming 51 | . 19 . . 32 . Kinetic 566 | . 370 52 . 144 . Thermal 110 | . 110 . . . . Explosive 58 | . 7 . . 51 . Electromagnetic 178 | . 178 . . . . Impact . | . . . . . . Slashing . | . . . . . . Piercing . | . . . . . . Highest Corruption . | . . . . . . Average Corruption . | . . . . . . Corruption Purged . | . . . . . . Corruption Blocked . | . . . . . . Overload Shots . | . . . . . . Overflow Damage . | . . . . . . Projectiles . | . . . . . . Explosions . | . . . . . . Melee . | . . . . . . Knockbacks . | . . . . . . Impact . | . . . . . . Kinetic . | . . . . . . Secondary . | . . . . . . Self-Inflicted Damage 127 | . 127 . . . . Shots 2 | . 2 . . . . Rammed 7 | . 2 . . 5 . Targets Rammed 7 | . 2 . . 5 . Kicked . | . . . . . . Crushed . | . . . . . . Highest Temperature 96 | . 96 . . 12 . Average Temperature 29 | . 38 . . 5 . Received Heat Transfer 216 | . 156 . . 60 . Siege Activations . | . . . . . . Robots Corrupted . | . . . . . . Combat Hostiles . | . . . . . . Parts Fried 1 | . 1 . . . . Impact Corruptions . | . . . . . . Robots Melted . | . . . . . . Combat Hostiles . | . . . . . . Parts Melted . | . . . . . . Heat Transferred 87 | . 87 . . . . Parts Sabotaged . | . . . . . . Parts Stolen . | . . . . . . Parts Stripped . | . . . . . . Power Chain Reactions 1 | . 1 . . . . Alert | -11 -10 -10 -10 -9 -8 ------- Run | Yrd Mat Min Exi Min Mat Peak Influence 385 | . 385 97 . 55 . Initial 27 | . . 27 . . . Average 99 | . 185 92 . 9 . Maximum Alert Level 1 | . 1 . . . . Low Security (%) 77 | 100 55 100 . 100 . Level 1 22 | . 44 . . . . Level 2 . | . . . . . . Level 3 . | . . . . . . Level 4 . | . . . . . . Level 5 . | . . . . . . High Security . | . . . . . . Max Security . | . . . . . . Squads Dispatched 4 | . 4 . . . . Investigation 2 | . 2 . . . . Extermination . | . . . . . . Reinforcement 2 | . 2 . . . . Assault . | . . . . . . Garrison . | . . . . . . Intercept . | . . . . . . Searches Triggered . | . . . . . . Construction Impeded . | . . . . . . Haulers Reinforced . | . . . . . . Active Scanning Responses . | . . . . . . Cargo Convoy Interrupts . | . . . . . . Stealth | -11 -10 -10 -10 -9 -8 --------- Run | Yrd Mat Min Exi Min Mat Distress Signals 1 | . 1 . . . . Communications Jammed . | . . . . . . Distress Signals . | . . . . . . Times Spotted 30 | . 25 2 . 3 . Peak Tracking Total 6 | . 6 2 . 2 . Tactical Retreats 1 | . 1 . . . . Traps | -11 -10 -10 -10 -9 -8 ------- Run | Yrd Mat Min Exi Min Mat Traps Triggered 5 | . 5 . . . . Indirectly . | . . . . . . Trap Hack Attempts . | . . . . . . Triggered . | . . . . . . Disarmed . | . . . . . . Reprogrammed . | . . . . . . Reused . | . . . . . . Traps Extracted . | . . . . . . Installed . | . . . . . . Triggered . | . . . . . . Machines | -11 -10 -10 -10 -9 -8 ---------- Run | Yrd Mat Min Exi Min Mat Machines Disabled 3 | . 1 . . 2 . Max in Single Turn 2 | . 1 . . 2 . Machines Repaired . | . . . . . . Machines Dismantled . | . . . . . . Machines Sabotaged . | . . . . . . Overloaded Fab Kills . | . . . . . . Hacking | -11 -10 -10 -10 -9 -8 --------- Run | Yrd Mat Min Exi Min Mat Machines Accessed 11 | . 7 . 4 . . Terminals 5 | . 5 . . . . Fabricators . | . . . . . . Repair Stations . | . . . . . . Recycling Units 2 | . 2 . . . . Scanalyzers . | . . . . . . Garrison Access . | . . . . . . Total Hacks 63 | . 14 . 49 . . Successful 56 | . 7 . 49 . . Failed 7 | . 7 . . . . Catastrophic 2 | . 2 . . . . Database Lockouts . | . . . . . . Manual 1 | . . . 1 . . Terminals 12 | . 12 . . . . Fabricators . | . . . . . . Repair Stations . | . . . . . . Recycling Units 2 | . 2 . . . . Scanalyzers . | . . . . . . Garrison Access . | . . . . . . Terminal Hacks 54 | . 5 . 49 . . Record 49 | . . . 49 . . Robot Analysis 1 | . 1 . . . . Branch Access Points 1 | . 1 . . . . Terminal Index 1 | . 1 . . . . Zone Layout 2 | . 2 . . . . Fabricator Hacks . | . . . . . . Repair Station Hacks . | . . . . . . Recycling Unit Hacks 2 | . 2 . . . . Report Inventory 2 | . 2 . . . . Scanalyzer . | . . . . . . Garrison Access Hacks . | . . . . . . Unauthorized Hacks . | . . . . . . Terminals . | . . . . . . Fabricators . | . . . . . . Repair Stations . | . . . . . . Recycling Units . | . . . . . . Scanalyzers . | . . . . . . Garrison Access . | . . . . . . Data Cores Recovered . | . . . . . . Used . | . . . . . . Hacking Detections 4 | . 4 . . . . Full Trace Events 3 | . 3 . . . . Feedback Events . | . . . . . . Feedback Blocked . | . . . . . . Robot Schematics Acquired . | . . . . . . Robots Built . | . . . . . . Authchips . | . . . . . . Time . | . . . . . . Total Robot Build Rating . | . . . . . . Part Schematics Acquired . | . . . . . . Parts Built . | . . . . . . Authchips . | . . . . . . Time . | . . . . . . Total Part Build Rating . | . . . . . . Parts Repaired . | . . . . . . Time . | . . . . . . Parts Recycled . | . . . . . . Recycled Matter . | . . . . . . Retrieved Matter . | . . . . . . Retrieved Components . | . . . . . . Parts Scanalyzed . | . . . . . . Part Schematics Acquired . | . . . . . . Parts Damaged . | . . . . . . Bothacking | -11 -10 -10 -10 -9 -8 ------------ Run | Yrd Mat Min Exi Min Mat Used RIF Installer . | . . . . . . Robots Hacked . | . . . . . . Non-combat . | . . . . . . Combat . | . . . . . . Robot Hacks Applied . | . . . . . . Relay Couplers Released . | . . . . . . Fabnet Peak Effective % . | . . . . . . Robots Rewired . | . . . . . . Allies Hacked . | . . . . . . Hacks Repelled . | . . . . . . Allies | -11 -10 -10 -10 -9 -8 -------- Run | Yrd Mat Min Exi Min Mat Total Allies 3 | . . . . 3 . Largest Group 3 | . . . . 3 . Highest-Rated Group 40 | . . . . 40 . Highest-Rated Ally 16 | . . . . 16 . Total Orders . | . . . . . . Ally Attacks 13 | . . . . 13 . Total Damage 135 | . . . . 135 . Kills 3 | . . . . 3 . Allies Corrupted . | . . . . . . Allies Melted . | . . . . . . Intel | -11 -10 -10 -10 -9 -8 ------- Run | Yrd Mat Min Exi Min Mat Robot Analysis Total 1 | . 1 . . . . Derelict Logs Recovered . | . . . . . . Drone Launches . | . . . . . . Drone Recoveries . | . . . . . . Exploration | -11 -10 -10 -10 -9 -8 ------------- Run | Yrd Mat Min Exi Min Mat Turns Passed 3960 | 95 1380 73 1205 1207 . Spaces Moved 2025 | 69 665 37 753 501 . Core 30 | 26 1 . . 3 . Treads 1972 | 43 664 37 753 475 . Legs 23 | . . . . 23 . Wheels . | . . . . . . Hover . | . . . . . . Flight . | . . . . . . Fastest Speed 50 | 50 160 160 160 160 . Average Speed 173 | 118 162 160 160 216 . Slowest Speed 550 | 160 350 160 160 550 . Overloaded Moves . | . . . . . . Propulsion Burnouts . | . . . . . . Robots Hopped . | . . . . . . Cave-ins Triggered . | . . . . . . Exploration Rate (%) 46 | 5 95 10 92 78 1 Regions Visited 5 Branch Regions 3 Pre-discovered Areas 2 | . . . 1 1 . Known Exits Taken 1 | . 1 . . . . Unknown Exits Taken 4 | 1 . 1 1 1 . Scrap Searched 1 | . . . . 1 . Spaces Dug . | . . . . . . Terrain Destroyed 50 | . 34 . . 16 . Melee . | . . . . . . Projectile . | . . . . . . AOE 50 | . 34 . . 16 . Terrain Rammed . | . . . . . . Walls Destroyed . | . . . . . . Machines Disabled . | . . . . . . Actions | -11 -10 -10 -10 -9 -8 --------- Run | Yrd Mat Min Exi Min Mat Total 2344 | 83 877 41 753 590 . Wait 184 | . 124 . . 60 . Move 2020 | 68 664 36 752 500 . Hop . | . . . . . . Pick Up 36 | 7 22 . 1 6 . Fast Attach . | . . . . . . Attach 20 | 7 11 . . 2 . Detach 2 | . 2 . . . . Swap 8 | . 4 . . 4 . Drop 6 | 1 4 . . 1 . Fire 61 | . 44 5 . 12 . Melee . | . . . . . . Ram 1 | . . . . 1 . Kick . | . . . . . . Crush 6 | . 2 . . 4 . Escape Stasis . | . . . . . . Rewire . | . . . . . . Trap . | . . . . . . Miscellaneous . | . . . . . . Route ------- -11/Scrapyard -10/Materials (discovered 5 exits: [*Mat x3] / *Min x2) -10/Mines (discovered 2 exits: [*Mat] / *Exi) -10/Exiles (discovered 2 exits: [*Min x2]) -9/Mines -8/Materials History --------- Turn | Location | Event 16 | -11/Scrapyard | Discovered new exit (range 15) 96 | -11/Scrapyard | Entered Materials 301 | -10/Materials | Discovered new exit (range 6) 303 | -10/Materials | Build established: Mutant 366 | -10/Materials | Core integrity fell below 50% 381 | -10/Materials | Discovered new exit (range 10) 451 | -10/Materials | Discovered new exit (range 7) 918 | -10/Materials | Discovered new exit (range 10) 1100 | -10/Materials | Discovered new exit (range 14) 1284 | -10/Materials | Identified exit to Mines 1476 | -10/Materials | Entered Mines 1503 | -10/Mines | Discovered new exit (range 7) 1541 | -10/Mines | Deemed a non-threat by the Exiles lab entrance 1543 | -10/Mines | Discovered new exit (range 5) 1549 | -10/Mines | Entered Exiles 1588 | -10/Exiles | Discovered new exit (range 15) 1625 | -10/Exiles | Met 8R-AWN 1665 | -10/Exiles | Met EX-HEX 1802 | -10/Exiles | Met EX-DEC 1871 | -10/Exiles | Learned location of Zion (-7) 1953 | -10/Exiles | Discovered new exit (range 14) 2147 | -10/Exiles | Visited The Gauntlet 2386 | -10/Exiles | Met EX-BIN 2426 | -10/Exiles | Aligned with FarCom system 2428 | -10/Exiles | Given EX-Vault access code 2581 | -10/Exiles | Opened EX-Vault 2591 | -10/Exiles | Found Prototype Energy Cannon 2622 | -10/Exiles | Warned to stay clear of 0b10 Research branches 2754 | -10/Exiles | Left Exiles lab with Firepult 2754 | -10/Exiles | Entered Mines 2759 | -9/Mines | Learned location of Storage (-8) 2786 | -9/Mines | Met a Derelict bent on vengeance 3079 | -9/Mines | Build established: Skirmisher 3208 | -9/Mines | Found a damaged Exp. Sensor Array with a note attached 3213 | -9/Mines | Found Prototype Device 3641 | -9/Mines | Discovered new exit (range 12) 3674 | -9/Mines | Assisted by bots powering up and referring to "LRC-V3" 3676 | -9/Mines | Build established: Mutant 3779 | -9/Mines | Excavation squad dispatched 3779 | -9/Mines | A large section of the Mines collapsed 3961 | -9/Mines | Entered Materials 3961 | -8/Materials | Accompanied by 1 ally 3961 | -8/Materials | Evolved 4 slots: Utility x2, Weapon x2 3961 | -8/Materials | Self-destructed Last Messages --------------- command?" Trooper 2b: "Hello LRC-V3. What is your command?" Slammed into R-06 Scavenger. ALERT: Suspicious cave-in, suspected derelict activity in mines. Dispatching escorted excavation squad. Press '.', 'keypad 5' or scroll the mouse wheel to wait a turn. Acquired 51 matter. Acquired Particle Gun. Lgt. Treads destroyed. G-34 Mercenary destroyed. Acquired 7 matter. Slammed into T-07 Excavator. Acquired Aluminum Leg. PARAMETERS=UTILITY+2,WEAPON+2 LOCATION=UNKNOWN GOAL=ESCAPE Receiving FarCom transmissions... Map ----- +----------------------------------------------------+ | | | | | | | | | | | | | | | | | | | | | | | | | ??????????????????????????????????????? | | ??????????????????????????????????????? | | ??????????????????????????????????????? | | ??????????????????????????????????????? | | ??????????????????????????????????????? | | ??????????????????????????????????????? | | ??????????????????????????????????????? | | ??????????????????????????????????????? | | ??????????????????????????????????????? | | ??????????????????????????????????????? | | ??????????????????????????????????????? | | ???????????????????????#####??????????? | | ???????????????????????# #??????????? | | ???????????????????????# @ #??????????? | | ???????????????????????# #??????????? | | ???????????????????????# #??????????? | | ???????????????????????# #??????????? | | ???????????????????????# g #??????????? | | ???????????????????????# #??????????? | | ???????????????????????# #??????????? | | ???????????????????????# #??????????? | | ???????????????????????# #??????????? | | ???????????????????????# #??????????? | | ???????????????????????# #??????????? | | ???????????????????????# +??????????? | | ???????????????????????# #??????????? | | ???????????????????????? ???????????? | | ???????????????????????? ???????????? | | ???????????????????????? ???????????? | | ??????????????????????????????????????? | | ??????????????????????????????????????? | | ??????????????????????????????????????? | | ??????????????????????????????????????? | | ??????????????????????????????????????? | | ??????????????????????????????????????? | | ??????????????????????????????????????? | | ??????????????????????????????????????? | | ??????????????????????????????????????? | +----------------------------------------------------+ Best States ------------- Heat Dissipation 25 Energy Generation 14 Energy Capacity 250 Matter Stores 300 Matter Capacity 300 Sight Range 16 Robot Scan Range 14 Terrain Scan Density 10 Armor Coverage 150 Evasion (%) 50 Recoil Reduction 2 Item Schematics ----------------- None Robot Schematics ------------------ None Fabricated ------------ Nothing Alien Tech Used ----------------- None Achievements -------------- None Challenges ------------ None Game ------ Seed WeaponShrapnelSpoofer Manual? 0 Play Time 00:19:02 Cumulative 6.8 hours Start 2024.04.02 @ 11:07:12 End 2024.04.02 @ 13:21:10 Sessions 2 Manual Loads 0 Difficulty Rogue Special Mode None Game No. 21 Rogue 21 Adventurer 0 Explorer 0 Win Type - Total 0 Types 0/0/0/0/0/0/0/0/0 Lore% 14 Gallery% 11 Achievement% 12 Wizard Run 0 Options --------- Layout 1 ASCII 0 Keyboard 0 Movement Mouse Keybinds 0 Fullscreen 1 Font 24/Smallcaps Map View 50x35 Zoom Use 0% Tactical HUD 0 Map Filters NONE Filters NONE Steam 1 RUN: ddb7639c-ad30-4557-93c9-b5c4088dd50f